 Dungeon Crawl Stone Soup version 0.22-a0-612-gd2f0174 (webtiles) character file.

1196 kae the Cleaver (level 8, 0/71 HPs)
             Began as a Hill Orc Fighter on July 11, 2018.
             Slain by an orc warrior
             ... wielding a +0 mace
              (8 damage)
             ... on level 5 of the Dungeon.
             The game lasted 00:04:59 (4510 turns).

kae the Cleaver (Hill Orc Fighter)                  Turns: 4510, Time: 00:05:00

Health: 0/71       AC:  9    Str: 21      XL:     8   Next: 44%
Magic:  8/8        EV:  8    Int:  8      God:
Gold:   161        SH:  8    Dex:  4 (12) Spells: 7/7 levels left

rFire    . . .     SeeInvis .   a - +1 war axe
rCold    . . .     Gourm    .   c - +0 shield
rNeg     . . .     Faith    .   b - +0 scale mail
rPois    +         Spirit   .   (no helmet)
rElec    .         Reflect  .   y - +1 cloak
rCorr    .         Harm     .   (no gloves)
MR       .....                  (no boots)
Stlth    ..........             g - amulet of regeneration
HPRegen  0.61/turn              k - ring of poison resistance
MPRegen  0.11/turn              l - +2 ring of dexterity

@: no status effects
A: no striking features
a: no special abilities


You were on level 5 of the Dungeon.
You were hungry.

You visited 1 branch of the dungeon, and saw 6 of its levels.

You collected 161 gold pieces.

Inventory:

Hand Weapons
 a - a +1 war axe (weapon)
Armour
 b - a +0 scale mail (worn)
 c - a +0 shield (worn)
 y - a +1 cloak (worn)
Jewellery
 g - an amulet of regeneration (around neck)
 h - an uncursed amulet of harm
 k - a ring of poison resistance (left hand)
 l - a +2 ring of dexterity (right hand)
 o - an uncursed amulet of rage
 r - a +2 ring of intelligence
 w - an uncursed ring of ice
Wands
 q - a wand of acid (6)
Scrolls
 e - 2 scrolls of enchant armour
 n - a scroll of blinking
 s - a scroll of enchant weapon
 u - 3 scrolls of teleportation
Potions
 d - 2 potions of brilliance
 i - 4 potions of haste
 j - a potion of magic
 m - 2 potions of degeneration {unknown}
 p - a potion of lignification {unknown}
 t - 3 potions of curing {unknown}
 v - a potion of might
Comestibles
 f - 9 rations


   Skills:
 + Level 6.3 Fighting
 * Level 8.6 Axes
 + Level 5.7 Armour
 + Level 3.3 Dodging
 - Level 3.2 Shields


You had 7 spell levels left.
You didn't know any spells.
Your spell library contained the following spells:

 Spells                   Type           Power        Failure   Level  Hunger
 Throw Frost              Conj/Ice       #.....       100%        2    ###....
 Freeze                   Ice            #...         99%         1    ##.....
 Summon Ice Beast         Ice/Summ       #.......     100%        4    #####..
 Ozocubu's Armour         Chrm/Ice       #.......     100%        3    ####...
 Throw Icicle             Conj/Ice       #.......     100%        4    #####..


Dungeon Overview and Level Annotations

Branches:
Dungeon (6/15)
 Temple: D:4-7

Altars:
Ashenzari
Cheibriados
Elyvilon
Gozag
Ru
Yredelemnul

Annotations:
D:5 Gildeon's ghost, amateur SpAs


Message History

The orc warrior is heavily wounded.
The orc warrior hits you with a mace.
* * * LOW HITPOINT WARNING * * *
You hit the orc warrior.
The orc warrior is severely wounded.
The orc warrior barely misses you.
You barely miss the orc warrior.
The orc warrior is severely wounded.
The orc warrior barely misses you.
You closely miss the orc warrior.
The orc warrior is severely wounded.
You block the orc warrior's attack.
Your shield and scale mail prevent you from hitting the orc warrior.
The orc warrior is severely wounded.
The orc warrior hits you with a mace!
* * * LOW HITPOINT WARNING * * *
You barely miss the orc warrior.
The orc warrior is severely wounded.
The orc warrior hits you with a mace!
You die...

.###._.##.........##### #..
..⌠.....#.............## #..
.....⌠..#..............########..
.......##................).......
.....###.........................
##'###.........................#.
...)....................#.#####..
...###.....#...o)..(......# #..
#....#..####..##@.......### #..
####.....#....#.........#######..
#####.#.....#...........#........
....#.#.##..###...........###....
........<#...##..........## #....
.........................# #....
............###..........## ##...
........#####.##......#...###....
.......##..©...#....####.)#....#.


You could see an orc warrior.

Vanquished Creatures
  Grinder (D:3)
  A sky beast (D:5)
  A phantom (D:5)
  2 howler monkeys (D:4)
  2 quasits (D:5)
  5 orc wizards
  3 hounds
  An orc priest (D:5)
  Crazy Yiuf (D:3)
  Terence (D:3)
  A bullfrog skeleton (D:4)
  4 worker ants
  8 adders
  4 gnolls (D:3)
  A shadow imp (D:5)
  2 adder skeletons (D:4)
  4 worms
  3 dart slugs (D:2)
  2 leopard geckos
  14 orcs
  7 giant cockroaches
  2 gnoll zombies (D:2)
  13 goblins
  6 hobgoblins
  7 jackals
  4 kobolds
  2 quokkas
  3 bats
  3 frilled lizards
  A jackal skeleton (D:4)
  A leopard gecko zombie (D:5)
  A quokka zombie (D:5)
  14 rats
125 creatures vanquished.

Notes
Turn   | Place    | Note
-------+----------+-------------------------------------------
     0 | D:1      | kae the Hill Orc Fighter began the quest for the Orb.
     0 | D:1      | Reached XP level 1. HP: 19/19 MP: 1/1
    18 | D:1      | Reached skill level 3 in Axes
    30 | D:1      | Reached XP level 2. HP: 25/27 MP: 2/2
   483 | D:1      | Reached XP level 3. HP: 26/33 MP: 3/3
   917 | D:2      | Found a sacrificial altar of Ru.
   917 | D:2      | Found an opulent altar of Gozag.
  1026 | D:2      | Reached skill level 4 in Axes
  1026 | D:2      | Reached skill level 1 in Dodging
  1148 | D:2      | Reached XP level 4. HP: 34/40 MP: 4/4
  1559 | D:2      | Found a snail-covered altar of Cheibriados.
  1596 | D:2      | Found a basalt altar of Yredelemnul.
  1723 | D:3      | Noticed Grinder
  1723 | D:3      | Paralysed by Grinder for 4 turns
  1732 | D:3      | Paralysed by Grinder for 3 turns
  1736 | D:3      | Killed Grinder
  1736 | D:3      | Reached skill level 5 in Axes
  1736 | D:3      | Reached XP level 5. HP: 29/47 MP: 5/5
  1736 | D:3      | Reached XP level 6. HP: 34/55 MP: 6/6
  1899 | D:3      | Reached skill level 5 in Fighting
  1994 | D:3      | Reached skill level 6 in Axes
  2135 | D:3      | Noticed Terence
  2165 | D:3      | Killed Terence
  2613 | D:3      | Found a runed door.
  2909 | D:3      | Noticed Crazy Yiuf
  2913 | D:3      | Killed Crazy Yiuf
  2913 | D:3      | Reached XP level 7. HP: 56/61 MP: 7/7
  3251 | D:4      | Reached skill level 7 in Axes
  3251 | D:4      | Reached skill level 5 in Armour
  3728 | D:5      | Entered Level 5 of the Dungeon
  3767 | D:5      | Noticed Gildeon's ghost (amateur SpAs)
  3972 | D:5      | Found a white marble altar of Elyvilon.
  3972 | D:5      | Found a shattered altar of Ashenzari.
  4024 | D:5      | Reached XP level 8. HP: 70/70 MP: 8/8
  4044 | D:5      | Found a transporter.
  4171 | D:5      | Reached skill level 8 in Axes
  4298 | D:5      | Found a transporter.
  4510 | D:5      | Slain by an orc warrior

Vault maps used:
D:1:      scummos_arrival_forest, hangedman_decor_points
D:2:      gammafunk_temple_overflow_elements, lemuel_zombie_altar_yredelemnul,
          lemuel_doored_altar
D:3:      feat_on_display, uniq_grinder, uniq_crazy_yiuf_cottage, uniq_terence
D:5:      gammafunk_temple_overflow_pools, first_ration,
          gammafunk_ghost_stat_death
D:6:      kiku_gazebo_garden_becter, serial_shops, nicolae_shop_stone,
          grunt_ministairs_12

Skill      XL: |  1  2  3  4  5  6  7  8 |
---------------+-------------------------+-----
Axes           | 3 4 5 6 7 8 |  8.6
Fighting       | 4 5 6 |  6.3
Dodging        | 1 2 3 |  3.3
Armour         | 4 5 |  5.7
Shields        | |  3.2

Action                   |  1- 3 |  4- 6 |  7- 9 || total
-------------------------+-------+-------+-------++-------
Melee: War axe           |    85 |   149 |   277 ||   511
  Use: Potion            |       |     2 |       ||     2
       Scroll            |       |       |    14 ||    14
  Eat: Chunk             |       |     6 |     6 ||    12
Armor: Scale mail        |    25 |    51 |   192 ||   268
Dodge: Dodged            |    24 |    33 |   108 ||   165
Block: Shield            |    36 |    66 |   140 ||   242

Table legend:
 A = Spawn XP
 B = Non-spawn XP
 C = Spawn XP percentage of total XP
 D = Spawn monster count
 E = Non-spawn monster count
 F = Spawn count percentage of total count
 G = Total turns spent on level
                    A         B        C        D         E        F      G
               +---------+---------+-------+---------+---------+-------+---------
         Total |       0 |    1709 |   0.0 |       0 |     125 |   0.0 |  4510
               +---------+---------+-------+---------+---------+-------+---------
           D:1 |       0 |      35 |   0.0 |       0 |      20 |   0.0 |   669
           D:2 |       0 |      96 |   0.0 |       0 |      28 |   0.0 |  1027
           D:3 |       0 |     521 |   0.0 |       0 |      30 |   0.0 |  1260
           D:4 |       0 |     452 |   0.0 |       0 |      24 |   0.0 |   803
           D:5 |       0 |     603 |   0.0 |       0 |      22 |   0.0 |   723
           D:6 |       0 |       2 |   0.0 |       0 |       1 |   0.0 |    28
               +---------+---------+-------+---------+---------+-------+---------
